 Dungeon Crawl Stone Soup version 0.31-a0-198-g2ad674f65e (webtiles) character file.

Game seed: 159121091862449092

373046 rabbitsville the Champion of Chaos (level 22, -13/215 HPs)
             Began as a Hill Orc Fighter on June 25, 2023.
             Was the Champion of Makhleb.
             Mangled by a phantasmal warrior (14 damage)
             ... on level 5 of the Vaults.
             The game lasted 03:13:14 (49404 turns).

rabbitsville the Champion of Chaos (HOFi)          Turns: 49404, Time: 03:13:15

Health: -13/215    AC: 38    Str: 39    XL:     22   Next: 71%
Magic:  46/46      EV:  8    Int:  8    God:    Makhleb [******]
Gold:   3967       SH: 19    Dex: 13    Spells: 21/21 levels left

rFire   . . .        B - +9 morningstar "Ilusyloh" {spect, Contam rElec rPois}
rCold   + . .        N - +0 tower shield {rN+}
rNeg    + . .        g - +3 plate armour {rC+}
rPois   +            z - +0 helmet of the Rose {MP+9 Dex+3 Slay+3}
rElec   +            R - +2 cloak
rCorr   .            T - +1 pair of gloves {Str+3}
SInv    .            M - +2 pair of boots {Stlth+}
Will    +....        q - amulet of the acrobat Stlth
                     w - +4 ring of protection
HPRegen 0.55/turn    J - +6 ring of strength
MPRegen 0.30/turn

%: acrobat
@: slowed, studying Short Blades, very slow
A: iridescent scales 1, noise suppression
}: 2/15 runes: serpentine, barnacled
a: Renounce Religion, Minor Destruction, Lesser Servant of Makhleb, Major
Destruction, Greater Servant of Makhleb


You were on level 5 of the Vaults.
You worshipped Makhleb.
Makhleb was exalted by your worship.
You visited 7 branches of the dungeon, and saw 38 of its levels.
You visited the Abyss 1 time.
You also visited: Sewer.

You collected 4067 gold pieces.
You spent 100 gold pieces at shops.

Inventory:

Hand Weapons
 B - the +9 morningstar "Ilusyloh" (weapon) {spect, Contam rElec rPois}
   (You found it on level 6 of the Dungeon)

   rElec:     It insulates you from electricity.
   rPois:     It protects you from poison.
   Contam:    It causes magical contamination when unequipped.
Missiles
 a - a silver javelin
 n - 12 atropa-tipped darts
 t - 87 poisoned darts
 u - 13 curare-tipped darts
 F - 26 javelins
 G - 22 boomerangs
 L - a throwing net
 Q - 17 boomerangs of dispersal
Armour
 g - a +3 plate armour of cold resistance (worn)
 z - the +0 helmet of the Rose (worn) {MP+9 Dex+3 Slay+3}
   (You found it on level 5 of the Dungeon)

   Dex:       It affects your dexterity (+3).
   Slay:      It affects your accuracy & damage with ranged weapons and melee
   (+3).
   MP:        It affects your magic capacity (+9).
 M - a +2 pair of boots of stealth (worn)
 N - a +0 tower shield of positive energy (worn)
 R - a +2 cloak (worn)
 T - a +1 pair of gloves of strength (worn)
Jewellery
 b - an amulet of regeneration
 i - a ring of protection from fire
 q - an amulet of the acrobat (around neck)
 w - a +4 ring of protection (left hand)
 x - a ring of see invisible
 J - a +6 ring of strength (right hand)
 V - a ring of flight
Wands
 c - a wand of acid (18)
 j - a wand of polymorph (21)
 v - a wand of mindburst (19)
 y - a wand of roots (56)
 A - a wand of flame (70)
 K - a wand of paralysis (25)
Scrolls
 f - 6 scrolls of identify
 h - a scroll of silence
 l - 3 scrolls of enchant armour
 o - 5 scrolls of poison
 p - 2 scrolls of teleportation
 E - a scroll of summoning
 H - a scroll of fog
 P - 9 scrolls of enchant weapon
 S - 3 scrolls of revelation
 U - 6 scrolls of immolation
 X - 4 scrolls of fear
 Y - 4 scrolls of blinking
 Z - 4 scrolls of brand weapon
Potions
 d - 2 potions of might
 e - 5 potions of mutation
 k - 6 potions of magic
 m - 3 potions of cancellation
 r - 8 potions of haste
 s - 7 potions of invisibility
 C - 16 potions of curing
 D - 7 potions of lignification
 I - 4 potions of ambrosia
 O - a potion of resistance
 W - a potion of berserk rage


   Skills:
 - Level 22.0 Fighting
 - Level 16.0 Maces & Flails
 + Level 13.0 Throwing
 + Level 16.0 Armour
 + Level 17.0 Shields
 - Level 23.0 Invocations
 - Level 13.8 Evocations


You had 21 spell levels left.
You didn't know any spells.
Your spell library contained the following spells:

 Spells                   Type           Power      Damage    Failure   Level
 Apportation              Tloc           0%         N/A       94%         1
 Beastly Appendage        Tmut           0%         N/A       94%         1
 Shock                    Conj/Air       0%         1d3       94%         1
 Slow                     Hex            0%         N/A       94%         1
 Sting                    Tmut/Pois      0%         1d3       94%         1
 Summon Small Mammal      Summ           0%         N/A       94%         1
 Blink                    Tloc           0%         N/A       98%         2
 Cigotuvi's Dreadful Rot  Necr/Pois/Air  0%         N/A       98%         2
 Ensorcelled Hibernation  Hex/Ice        0%         N/A       98%         2
 Lesser Beckoning         Tloc           0%         N/A       98%         2
 Momentum Strike          Conj/Tloc      0%         3d8       98%         2
 Passwall                 Tmut/Erth      0%         N/A       98%         2
 Poisonous Vapours        Pois/Air       0%         N/A       98%         2
 Sublimation of Blood     Necr           0%         N/A       98%         2
 Wereblood                Tmut           0%         N/A       98%         2
 Call Canine Familiar     Summ           0%         N/A       100%        3
 Confusing Touch          Hex            0%         N/A       100%        3
 Frozen Ramparts          Ice            0%         1d1       100%        3
 Ignite Poison            Fire/Tmut/Pois 0%         N/A       100%        3
 Inner Flame              Hex/Fire       0%         N/A       100%        3
 Mephitic Cloud           Conj/Pois/Air  0%         N/A       100%        3
 Ozocubu's Armour         Ice            0%         N/A       100%        3
 Portal Projectile        Hex/Tloc       0%         N/A       100%        3
 Spider Form              Tmut/Pois      0%         N/A       100%        3
 Stone Arrow              Conj/Erth      0%         3d7       100%        3
 Summon Guardian Golem    Hex/Summ       0%         N/A       100%        3
 Swiftness                Air            0%         N/A       100%        3
 Tukima's Dance           Hex            0%         N/A       100%        3
 Vampiric Draining        Necr           0%         2d6       100%        3
 Vhi's Electric Charge    Tloc/Air       0%         N/A       100%        3
 Volatile Blastmotes      Fire/Tloc      0%         2d10      100%        3
 Airstrike                Air            0%         2d(0-16)  100%        4
 Anguish                  Hex/Necr       0%         N/A       100%        4
 Animate Armour           Summ/Erth      0%         N/A       100%        4
 Cause Fear               Hex            0%         N/A       100%        4
 Flame Wave               Conj/Fire      0%         2d4       100%        4
 Fulminant Prism          Conj/Hex       0%         3d5       100%        4
 Ice Form                 Ice/Tmut       0%         N/A       100%        4
 Iskenderun's Mystic Bla  Conj/Tloc      0%         2d3       100%        4
 Leda's Liquefaction      Hex/Erth       0%         N/A       100%        4
 Manifold Assault         Tloc           0%         N/A       100%        4
 Passage of Golubria      Tloc           0%         N/A       100%        4
 Petrify                  Tmut/Erth      0%         N/A       100%        4
 Sticky Flame             Conj/Fire      0%         2d3       100%        4
 Summon Ice Beast         Ice/Summ       0%         N/A       100%        4
 Alistair's Intoxication  Tmut/Pois      0%         N/A       100%        5
 Arcjolt                  Conj/Air       0%         1d10      100%        5
 Freezing Cloud           Conj/Ice/Air   0%         6-21      100%        5
 Lee's Rapid Deconstruct  Erth           0%         3d4*      100%        5
 Metabolic Englaciation   Hex/Ice        0%         N/A       100%        5
 Silence                  Hex/Air        0%         N/A       100%        5
 Yara's Violent Unravell  Hex/Tmut       0%         3d3       100%        5
 Dispersal                Tloc           0%         N/A       100%        6
 Plasma Beam              Fire/Air       0%         2x1d10    100%        6
 Simulacrum               Ice/Necr       0%         N/A       100%        6
 Statue Form              Tmut/Erth      0%         N/A       100%        6
 Enfeeble                 Hex            0%         N/A       100%        7
 Orb of Destruction       Conj           0%         9d5       100%        7
 Spellforged Servitor     Conj/Summ      0%         N/A       100%        7
 Summon Hydra             Summ           0%         N/A       100%        7
 Disjunction              Tloc           0%         N/A       100%        8
 Ignition                 Fire           0%         3d3       100%        8
 Lehudib's Crystal Spear  Conj/Erth      0%         10d2      100%        8
 Maxwell's Capacitive Co  Air            0%         ∞         100%        8
 Polar Vortex             Ice            0%         N/A       100%        9


Dungeon Overview and Level Annotations

Branches:
Dungeon (15/15)            Temple (0/1) D:5            Lair (5/5) D:11
 Shoals (4/4) Lair:3        Snake (4/4) Lair:3        Slime (0/5) Lair:5
    Orc (2/2) D:12            Elf (3/3) Orc:2        Vaults (5/5) D:14
  Crypt (0/3) Vaults:2     Depths (0/4) D:15          Sewer (visited)

Altars:
Ashenzari
Cheibriados
Gozag
Hepliaklqana
Kikubaaqudgha
Makhleb
Nemelex Xobeh
Ru
Trog
Vehumet
Wu Jian
Xom
Yredelemnul
Zin
Beogh

Shops:
D:4 :*   Orc:2 =*=(   Elf:2 (   Vaults:4 [   Vaults:5 (

Portals:
Trove: Vaults:1 (give +3 gold dragon scales)

Annotations:
D:11 exclusion: 4 ice statues
Orc:1 3 runed translucent doors, exclusion: obsidian statue, innerfire43's ghost, journeyman DsMo
Vaults:3 3 runed translucent doors, Luiw's ghost, veteran HOBe; Qeunemit's ghost, adept GrFi; Zissick's ghost, adept MiBr


Innate Abilities, Weirdness & Mutations

You are partially covered in iridescent scales. (AC +2)
You passively dampen the noise of your surroundings.


Message History

You feel sick. You block the tengu reaver's attack. The tengu reaver pecks you.
* * * LOW HITPOINT WARNING * * *
You block the tengu reaver's attack. Something hits you but does no damage.
You block the phantasmal warrior's attack.
You feel better. You block something's attack.
The tengu reaver hits you but does no damage.
You block the tengu reaver's attack. The tengu reaver barely misses you.
The phantasmal warrior closely misses you.
You block something's attack. The phantasmal warrior hits you!
* * * LOW HITPOINT WARNING * * *
The tengu reaver hits you but does no damage.
The tengu reaver pecks you.
* * * LOW HITPOINT WARNING * * *
You block the tengu reaver's attack.
Aiming: Major Destruction (0% risk of failure)
Press: ? - help, Q - select action, (/) - cycle Shift-Dir - straight line, f/p - tengu reaver
Aim: a tengu reaver, wielding a +0 vampiric long sword, wearing a +0 scale mail and wearing a +0 buckler (almost dead)
The bolt of fire misses the tengu reaver.
The tengu reaver hits you but does no damage.
The tengu reaver pecks you but does no damage.
You block the tengu reaver's attack. Something hits you but does no damage.
You block the phantasmal warrior's attack.
Activating: Greater Servant of Makhleb (1% risk of hostile)
Press: ? - help, Q - select action, (/) - cycle Dir - look around, f - activate A demon appears!
You block the tengu reaver's attack.
The tengu reaver pecks you but does no damage.
The tengu reaver closely misses you. You block something's attack.
Something hits you but does no damage.
You block the phantasmal warrior's attack.
The tengu reaver hits you with a +0 vampiric long sword!
* * * LOW HITPOINT WARNING * * *
The tengu reaver pecks you but does no damage.
The tengu reaver claws you but does no damage.
Something hits you but does no damage. Something hits you!
* * * LOW HITPOINT WARNING * * *
Something drains your vigour!
You feel as though you will be slow longer.
The phantasmal warrior hits you!
You die...

..)).#.†...#
#.......#....#...##'
.....#.....#
#..######....#.....)
########'###
#.......#....#......
#=)....#..#.....[.#....#...###
#))...)#..######†.#....#...#..
#.(..[)#......)...#....#.).#..
#..[[.[#..........#....#...#..
#)|.)..#..#..######....#...##)
########. #..@Q...#....#......
.. #..2W...#....#...... ..
######..#....#...##' ##
.#.[..#...#.. #....#...#.∩
^######....#...###
...........#......
................. ###
#######....[.[..#####


You could see a tengu reaver (ally target), a phantasmal warrior and a friendly
balrug (summoned).

Vanquished Creatures
  An ancient lich (Vaults:5)
  Mennas (Vaults:3)
  Vashnia (Snake:4)
  A bone dragon (Abyss:2)
  A tentacled monstrosity (Vaults:5)
  Zenata (Vaults:2)
  Rupert (Lair:4)
  Mlioglotl (Shoals:2)
  3 titans (Vaults:5)
  A deep elf blademaster (Elf:2)
  2 deep elf master archers (Elf:3)
  2 quicksilver dragons (Vaults:5)
  5 tengu reavers (Vaults:5)
  A shadow dragon (Vaults:5)
  A tentacled starspawn (Abyss:2)
  2 sphinxes
  2 nagarajas
  Roxanne (Shoals:4)
  7 deep elf sorcerers
  A fire giant (Vaults:5)
  19 vault wardens
  2 frost giants
  5 deep elf elementalists (Elf:3)
  Aizul (Snake:1)
  5 very ugly things
  17 ironbound preservers
  3 war gargoyles
  3 stone giants
  A formless jellyfish (Vaults:4)
  12 ironbound thunderhulks
  3 deep elf demonologists (Elf:3)
  3 dire elephants
  6 deep elf annihilators
  5 deep elf death magi (Elf:3)
  3 merfolk javelineers (Shoals:4)
  6 ettins
  3 crystal guardians (Vaults:4)
  4 merfolk impalers (Shoals:4)
  An entropy weaver (Vaults:3)
  8 yaktaur captains
  Josephine (D:14)
  9 deep elf high priests
  4 great orbs of eyes
  3 salamander tyrants (Snake:4)
  Erolcha (D:11)
  4 peacekeepers (Vaults:4)
  33 vault guards
  20 centaur warriors
  2 hydras (Lair:5)
  2 merfolk aquamancers
  A catoblepas (D:14)
  2 ghost crabs (Shoals:2)
  5 two-headed ogres
  Erica (D:10)
  A boulder beetle (shapeshifter) (D:15)
  6 ironbound frosthearts
  2 ogre magi (Vaults:5)
  2 merfolk avatars
  A death knight (D:14)
  2 satyrs
  11 anacondas
  4 boulder beetles
  4 deep troll earth magi
  9 naga warriors
  3 tengu warriors (D:14)
  A death yak (Lair:5)
  A thrashing horror (Abyss:2)
  30 dancing weapons
  3 orc high priests
  6 shock serpents
  A spectral formless jellyfish (Shoals:2)
  13 deep elf knights
  Urug (Orc:1)
  9 naga sharpshooters
  Nergalle (D:10)
  Amaemon (Lair:3)
  A shadow wraith (D:14)
  A sixfirhy (Abyss:2)
  4 skeletal warriors (D:14)
  9 salamander mystics
  2 wretched stars (Abyss:2)
  A spatial maelstrom (Abyss:2)
  7 deep elf archers
  20 ironbound convokers
  19 deep trolls
  6 orc knights
  A kraken simulacrum (Shoals:4)
  2 naga ritualists
  16 sea snakes
  5 wizards
  Pikel (D:9)
  16 lindwurms
  32 harpies
  A wolf spider (Vaults:5)
  13 mana vipers
  A necromancer (Vaults:5)
  23 ugly things
  2 phantasmal warriors (Vaults:5)
  3 orc sorcerers
  16 deep elf zephyrmancers
  11 cyclopes
  28 deep elf pyromancers
  An oklob plant (Lair:2)
  2 large abominations (Abyss:2)
  6 fauns
  10 elephants
  13 manticores
  An elephant (shapeshifter) (Vaults:5)
  3 naga magi
  8 merfolk sirens
  12 salamanders
  16 vault sentinels
  5 water nymphs
  30 black mambas
  8 gargoyles
  3 smoke demons (Abyss:2)
  A dire elephant skeleton (Abyss:2)
  A torpor snail (Lair:2)
  8 guardian serpents (Snake:4)
  8 cane toads
  Psyche (D:10)
  An unseen horror (D:10)
  A rime drake (Lair:5)
  2 efreet (D:15)
  26 yaktaurs
  2 freezing wraiths (Vaults:5)
  2 ancient zymes (Abyss:2)
  6 komodo dragons
  4 spectral merfolk (Shoals:2)
  A polar bear (shapeshifter) (Elf:1)
  11 trolls
  2 tarantellas (shapeshifter)
  A hellwing (Abyss:2)
  3 hornets (Lair:5)
  17 merfolk
  3 polar bears (Lair:5)
  12 raiju
  7 dream sheep
  A raiju (shapeshifter) (Vaults:5)
  12 blink frogs
  Grinder (D:6)
  A wind drake (Shoals:1)
  8 snapping turtles
  33 slime creatures
  A slime creature (shapeshifter) (Elf:2)
  A jumping spider (Vaults:3)
  2 shadows (D:12)
  2 centaur simulacra
  12 spriggans (Lair:5)
  An air elemental (Elf:1)
  A spectral wind drake (Shoals:2)
  27 yaks
  2 wyverns
  9 water elementals
  2 fire bats (Lair:3)
  6 wraiths
  A fire elemental (Elf:1)
  3 basilisks
  2 ynoxinuls (Abyss:2)
  A redback (Vaults:3)
  7 vampire mosquitoes
  Menkaure (D:4)
  4 wargs
  20 nagas
  18 water moccasins
  A spectral snapping turtle (Shoals:2)
  Duvessa (D:5)
  An acid dragon (D:10)
  A floating eye (shapeshifter) (Vaults:1)
  12 ice beasts (D:11)
  22 orc warriors
  10 black bears
  6 ogres
  9 boggarts
  34 wolves
  7 centaurs
  2 lemures (D:9)
  A phantom (D:5)
  10 kobold brigands
  11 bullfrogs
  5 earth elementals
  A scorpion (D:6)
  3 small abominations (Abyss:2)
  7 wights
  Dowan (D:5)
  20 killer bees
  5 electric eels
  A howler monkey (D:9)
  2 lava snakes (Lair:3)
  2 hounds (D:5)
  3 jellies
  24 orc priests
  3 iguanas
  11 starcursed masses (Abyss:2)
  Jessica (D:2)
  25 orc wizards
  Natasha (D:3)
  11 adders
  A gnoll (Orc:2)
  4 river rats
  2 shadow imps
  5 white imps
  2 ufetubi (Abyss:2)
  3 worms
  A dart slug (D:8)
  87 orcs
  12 endoplasms
  A giant cockroach (D:2)
  7 goblins
  7 hobgoblins
  3 jackals (D:5)
  4 quokkas
  7 ball pythons
  4 bats
  5 frilled lizards
  17 kobolds
  11 rats
  2 starspawn tentacles (Abyss:2)
  A tentacle (Shoals:4)
1444 creatures vanquished.

Vanquished Creatures (collateral kills)
  A quicksilver dragon (Vaults:3)
  A formless jellyfish (Shoals:4)
  2 dire elephants (Vaults:1)
  A merfolk impaler (Shoals:4)
  A merfolk javelineer (Shoals:4)
  A rakshasa (Abyss:2)
  A hydra (Lair:3)
  A naga warrior (Snake:4)
  An orc high priest (Orc:2)
  A dancing weapon (Elf:2)
  A deep elf knight (Elf:2)
  A wretched star (Abyss:2)
  A deep troll (Vaults:3)
  A wizard (Abyss:2)
  A deep elf pyromancer (Elf:2)
  A harpy (Shoals:1)
  2 salamanders (Snake:1)
  An orc sorcerer (Orc:2)
  A naga mage (Snake:4)
  An orange demon (Lair:3)
  An ancient zyme (Abyss:2)
  A merfolk (Shoals:4)
  A wind drake (Shoals:4)
  A hornet (Lair:5)
  2 raiju (Abyss:2)
  A spriggan (Lair:5)
  A water elemental (Shoals:1)
  A spatial vortex (Abyss:2)
  A naga (Snake:1)
  A water moccasin (Lair:3)
  4 orc warriors
  A black bear (Lair:5)
  A gnoll sergeant (Orc:2)
  3 starcursed masses (Abyss:2)
  An orc wizard (Orc:2)
  3 gnolls (Orc:2)
  2 ufetubi (Abyss:2)
  5 orcs
53 creatures vanquished.

Vanquished Creatures (others)
  A wretched star (Abyss:2)
  An orc (D:9)
  A lurking horror (Abyss:2)
  28 spectral weapons
  4 starspawn tentacles
  12 tentacles
47 creatures vanquished.

Grand Total: 1544 creatures vanquished

Notes
Turn   | Place    | Note
-------+----------+-------------------------------------------
     0 | D:1      | rabbitsville the Hill Orc Fighter began the quest for the
                  | Orb.
     0 | D:1      | Reached XP level 1. HP: 19/19 MP: 1/1
   230 | D:1      | Reached XP level 2. HP: 27/27 MP: 2/2
   872 | D:2      | Reached XP level 3. HP: 33/33 MP: 3/3
   975 | D:2      | Found a burning altar of Makhleb.
   976 | D:2      | Noticed Jessica
   993 | D:2      | Killed Jessica
   994 | D:2      | Reached XP level 4. HP: 21/41 MP: 4/4
  1076 | D:2      | Became a worshipper of Makhleb the Destroyer
  1418 | D:2      | Identified the +9 spear of Eternity {heavy, rC- Str+6}
  1769 | D:3      | Found an opulent altar of Gozag.
  1945 | D:3      | Found a hazy altar of Hepliaklqana.
  1988 | D:3      | Reached skill level 1 in Invocations
  2027 | D:3      | Found a glowing drain.
  2035 | Sewer    | Entered a sewer
  2087 | Sewer    | Reached * piety under Makhleb
  2177 | Sewer    | Noticed a kobold brigand
  2189 | Sewer    | Killed a kobold brigand
  2190 | Sewer    | Reached skill level 5 in Fighting
  2190 | Sewer    | Reached skill level 2 in Invocations
  2190 | Sewer    | Reached XP level 5. HP: 27/48 MP: 6/6
  2273 | Sewer    | Noticed a kobold brigand
  2300 | Sewer    | Killed a kobold brigand
  2301 | Sewer    | Reached skill level 3 in Invocations
  2301 | Sewer    | Reached XP level 6. HP: 32/56 MP: 8/8
  2520 | Sewer    | Reached skill level 4 in Invocations
  2619 | Sewer    | Reached XP level 7. HP: 57/63 MP: 10/10
  2740 | Sewer    | Reached skill level 5 in Maces & Flails
  3082 | Sewer    | Reached skill level 5 in Invocations
  3965 | D:3      | Noticed Natasha
  3976 | D:3      | Killed Natasha
  4437 | D:3      | Reached XP level 8. HP: 46/73 MP: 12/12
  4537 | D:4      | Reached skill level 6 in Invocations
  4730 | D:4      | Noticed Menkaure
  4914 | D:4      | Found Ajejed's Book Boutique.
  5069 | D:4      | Killed Menkaure
  5230 | D:4      | Found the +5 robe of Misfortune {Harm *Corrode *Slow EV+5}
  5277 | D:4      | Reached ** piety under Makhleb
  5288 | D:4      | Found Cinwaor's Assorted Antiques.
  5291 | D:4      | Bought a potion of heal wounds for 100 gold pieces
  5856 | D:5      | Entered Level 5 of the Dungeon
  5926 | D:4      | Found a radiant altar of Vehumet.
  5926 | D:4      | Found a sacrificial altar of Ru.
  6051 | D:5      | Found a staircase to the Ecumenical Temple.
  6110 | D:5      | Identified the +0 helmet of the Rose {MP+9 Dex+3 Slay+3}
  6196 | D:5      | Reached skill level 7 in Invocations
  6612 | D:5      | Reached XP level 9. HP: 57/82 MP: 14/14
  6877 | D:5      | Noticed Duvessa
  6877 | D:5      | Noticed Dowan
  6896 | D:5      | Killed Duvessa
  6897 | D:5      | Reached skill level 8 in Invocations
  6905 | D:5      | Killed Dowan
  7048 | D:5      | Found a sparkling altar of Nemelex Xobeh.
  7193 | D:6      | Noticed Grinder
  7248 | D:6      | Paralysed by Grinder for 5 turns
  7262 | D:6      | Killed Grinder
  7480 | D:6      | Identified the +9 morningstar "Ilusyloh" {spect, Contam
                  | rElec rPois}
  7590 | D:6      | Found an ornate altar of the Wu Jian Council.
  7707 | D:6      | Found a glowing silver altar of Zin.
  8335 | D:7      | Reached skill level 9 in Invocations
  8531 | D:7      | Reached skill level 10 in Fighting
  8640 | D:7      | Noticed a gargoyle
  8645 | D:7      | Killed a gargoyle
  8646 | D:7      | Reached XP level 10. HP: 48/94 MP: 17/17
  8781 | D:7      | Noticed a gargoyle
  8784 | D:7      | Killed a gargoyle
  8785 | D:7      | Reached skill level 10 in Invocations
  8793 | D:7      | Noticed a gargoyle
  8795 | D:7      | Killed a gargoyle
  8799 | D:7      | Noticed a gargoyle
  8806 | D:7      | Killed a gargoyle
  8946 | D:7      | Noticed a gargoyle
  8950 | D:7      | Killed a gargoyle
  8991 | D:7      | Noticed a gargoyle
  8993 | D:7      | Killed a gargoyle
  9236 | D:8      | Reached skill level 11 in Invocations
  9474 | D:8      | Reached *** piety under Makhleb
  9486 | D:8      | Reached skill level 10 in Maces & Flails
  9486 | D:8      | Found a snail-covered altar of Cheibriados.
 10026 | D:9      | Noticed a two-headed ogre
 10046 | D:9      | Killed a two-headed ogre
 10378 | D:9      | Reached XP level 11. HP: 94/104 MP: 19/19
 10383 | D:9      | Reached skill level 12 in Invocations
 10466 | D:9      | Noticed Pikel
 10491 | D:9      | Killed Pikel
 10713 | D:9      | Found an ancient bone altar of Kikubaaqudgha.
 10973 | D:9      | Reached **** piety under Makhleb
 11047 | D:10     | Entered Level 10 of the Dungeon
 11182 | D:10     | Noticed Nergalle
 11290 | D:10     | Identified the +7 war axe "Xoce" {flame, Drain rCorr MP+9
                  | SInv}
 11319 | D:10     | Found a broken altar of Ashenzari.
 11337 | D:10     | Reached skill level 13 in Invocations
 11509 | D:10     | Noticed Erica
 11516 | D:10     | Killed Erica
 11562 | D:10     | Noticed a spectral orc warlord
 11564 | D:10     | Killed Nergalle
 11637 | D:10     | Found a bloodstained altar of Trog.
 11693 | D:10     | Noticed Psyche
 11702 | D:10     | Killed Psyche
 11893 | D:11     | Noticed a two-headed ogre
 11898 | D:11     | Killed a two-headed ogre
 11938 | D:11     | Reached XP level 12. HP: 115/115 MP: 22/22
 12021 | D:11     | Noticed Erolcha
 12038 | D:11     | Killed Erolcha
 12039 | D:11     | Reached skill level 14 in Invocations
 12057 | D:11     | You fall into a shaft and drop 3 floors!
 12060 | D:14     | Noticed a boulder beetle
 12068 | D:14     | Killed a boulder beetle
 12181 | D:14     | Found a gate to the Vaults.
 12181 | D:14     | Noticed a death knight
 12181 | D:14     | Noticed a centaur warrior
 12181 | D:14     | Noticed a vault guard
 12181 | D:14     | Noticed a vault guard
 12181 | D:14     | Noticed a vault guard
 12181 | D:14     | Noticed a centaur warrior
 12181 | D:14     | Noticed a vault guard
 12181 | D:14     | Noticed a centaur warrior
 12236 | D:14     | Killed a vault guard
 12255 | D:14     | Killed a death knight
 12272 | D:14     | Killed a centaur warrior
 12317 | D:14     | Killed a vault guard
 12551 | D:14     | Killed a centaur warrior
 12675 | D:14     | Identified the +1 robe "Hepayqyt" {Dex+4}
 12688 | D:14     | Killed a centaur warrior
 12879 | D:14     | Killed a vault guard
 12880 | D:14     | Reached skill level 15 in Invocations
 13067 | D:12     | Found a staircase to the Orcish Mines.
 13072 | D:12     | Reached skill level 15 in Fighting
 13164 | D:12     | Reached XP level 13. HP: 126/126 MP: 24/24
 13703 | D:11     | Found a staircase to the Lair.
 13739 | D:11     | Reached skill level 16 in Invocations
 15970 | Lair:1   | Entered Level 1 of the Lair of Beasts
 16237 | Lair:1   | Reached ***** piety under Makhleb
 17997 | Lair:3   | Found a staircase to the Shoals.
 17999 | Lair:3   | Noticed Amaemon
 18011 | Lair:3   | Killed Amaemon
 18014 | Lair:3   | Reached skill level 17 in Invocations
 18209 | Lair:3   | Reached skill level 15 in Maces & Flails
 18368 | Lair:3   | Reached XP level 14. HP: 138/138 MP: 26/26
 18781 | Lair:3   | Found a staircase to the Snake Pit.
 19811 | Lair:4   | Noticed Rupert
 19821 | Lair:4   | Killed Rupert
 20253 | Lair:5   | Entered Level 5 of the Lair of Beasts
 20428 | Orc:1    | Entered Level 1 of the Orcish Mines
 20442 | Orc:1    | Reached skill level 18 in Invocations
 20455 | Orc:1    | Found a runed translucent gate.
 20455 | Orc:1    | Found a runed translucent gate.
 20455 | Orc:1    | Found a runed translucent gate.
 20456 | Orc:1    | Found an opulent altar of Gozag.
 20489 | Orc:1    | Noticed Urug
 20499 | Orc:1    | Killed Urug
 20771 | Orc:1    | Noticed innerfire43's ghost (journeyman DsMo)
 20818 | Orc:2    | Entered Level 2 of the Orcish Mines
 20908 | Orc:2    | Found a staircase to the Elven Halls.
 20971 | Orc:1    | Found a roughly hewn altar of Beogh.
 21311 | Orc:2    | Found a radiant altar of Vehumet.
 22054 | Orc:2    | Found Laelag Bops's Weapon Shoppe.
 22054 | Orc:2    | Found Pirph's Jewellery Shop.
 22056 | Orc:2    | Found Nupogux's Assorted Antiques.
 22056 | Orc:2    | Found Daucheur's Jewellery Shop.
 22493 | D:13     | Reached ****** piety under Makhleb
 22783 | D:13     | Reached skill level 19 in Invocations
 23032 | D:14     | Reached XP level 15. HP: 150/150 MP: 28/28
 23113 | D:14     | Reached skill level 5 in Shields
 23143 | D:14     | Identified the +1 robe "Poextob" {rC++ rN+ Str+3 Dex-3}
 23185 | D:14     | Noticed Josephine
 23196 | D:14     | Killed Josephine
 23807 | D:15     | Entered Level 15 of the Dungeon
 23894 | D:15     | Found a staircase to the Depths.
 24029 | D:15     | Noticed a frost giant
 24035 | D:15     | Killed a frost giant
 24087 | D:15     | Reached skill level 1 in Evocations
 24397 | D:15     | Reached skill level 20 in Invocations
 25378 | Lair:5   | Reached skill level 5 in Evocations
 25457 | Lair:5   | Reached XP level 16. HP: 161/161 MP: 30/30
 25624 | Lair:5   | Found a staircase to the Slime Pits.
 26515 | Snake:1  | Entered Level 1 of the Snake Pit
 26539 | Snake:1  | Noticed Aizul
 26652 | Snake:1  | Killed Aizul
 27719 | Snake:3  | Noticed a nagaraja
 27728 | Snake:3  | Killed a nagaraja
 27729 | Snake:3  | Reached skill level 21 in Invocations
 27936 | Snake:4  | Entered Level 4 of the Snake Pit
 28408 | Snake:4  | Noticed a nagaraja
 28417 | Snake:4  | Killed a nagaraja
 28861 | Snake:4  | Noticed Vashnia
 28866 | Snake:4  | Reached XP level 17. HP: 116/171 MP: 31/31
 28871 | Snake:4  | Reached skill level 10 in Evocations
 29201 | Snake:4  | Killed Vashnia
 29502 | Snake:4  | Identified the +5 scimitar "Biucw" {distort, rPois rF+
                  | Str+4 SInv}
 30606 | Snake:4  | Reached skill level 22 in Invocations
 30701 | Snake:4  | Got a serpentine rune of Zot
 31027 | Shoals:1 | Entered Level 1 of the Shoals
 31316 | Shoals:1 | Identified the +2 cloak of the Beekeeper {Rampage rPois
                  | Int-5 Stlth-}
 31559 | Shoals:2 | Noticed Mlioglotl
 31564 | Shoals:2 | Noticed a tentacled starspawn
 31566 | Shoals:2 | Noticed a lich
 31568 | Shoals:2 | Killed Mlioglotl
 32074 | Shoals:3 | Reached XP level 18. HP: 150/182 MP: 33/33
 32266 | Shoals:4 | Entered Level 4 of the Shoals
 32266 | Shoals:4 | Found a shimmering altar of Xom.
 33288 | Shoals:4 | Got the Quarto of Spellbinding Anemomancy
 33542 | Shoals:4 | Identified Roxanne's Quarto of Transformation
 33542 | Shoals:4 | Noticed Roxanne
 33590 | Shoals:4 | Reached skill level 23 in Invocations
 33740 | Shoals:4 | Killed Roxanne
 33911 | Shoals:4 | Identified the +1 fire dragon scales "Pesti" {rF++ rC-
                  | Dex+2}
 34481 | Shoals:4 | Got a barnacled rune of Zot
 34598 | Lair:3   | Upgraded the game from 0.31-a0-196-g86fe4a5e66 to
                  | 0.31-a0-198-g2ad674f65e
 34832 | Elf:1    | Entered Level 1 of the Elven Halls
 34847 | Elf:1    | Reached skill level 5 in Armour
 35046 | Elf:1    | Reached skill level 1 in Throwing
 35762 | Elf:2    | Paralysed by an air elemental for 1 turns
 35971 | Elf:2    | Reached XP level 19. HP: 191/191 MP: 34/34
 35977 | Elf:2    | Found a runed translucent gate.
 35978 | Elf:2    | Found a runed translucent gate.
 35978 | Elf:2    | Found a runed translucent gate.
 36061 | Elf:2    | Found Ecvut's Firing Range.
 36882 | Elf:2    | Reached skill level 10 in Shields
 37281 | Elf:2    | Reached skill level 5 in Throwing
 37652 | Elf:3    | Entered Level 3 of the Elven Halls
 38822 | Abyss:2  | Cast into level 2 of the Abyss (a deep elf sorcerer)
 39081 | Abyss:2  | Paralysed by accursed screaming for 1 turns
 39089 | Abyss:2  | Paralysed by accursed screaming for 1 turns
 39181 | Abyss:2  | Found a corrupted altar of Lugonu.
 39239 | Abyss:2  | Noticed a bone dragon
 39249 | Abyss:2  | Killed a bone dragon
 39269 | Abyss:2  | Gained mutation: You passively dampen the noise of your
                  | surroundings. [potion of mutation]
 39269 | Abyss:2  | Gained mutation: You are partially covered in iridescent
                  | scales. (AC +2) [potion of mutation]
 39273 | Abyss:2  | Reached skill level 10 in Armour
 39321 | Elf:3    | Escaped the Abyss
 39593 | Elf:3    | Reached XP level 20. HP: 179/200 MP: 31/31
 39778 | Elf:3    | Identified the +4 mace "Noytzat" {spect, rN+ Dex+3 SInv}
 39800 | Elf:3    | Identified the +0 quarterstaff "Earthworm" {protect, rC-
                  | Will+ MP+9}
 39800 | Elf:3    | Identified the +0 chain mail of Guomohag {MP+9 Int+4
                  | Stlth-}
 39895 | Elf:3    | Identified the +2 triple crossbow of Ashenzari, Riding
                  | {heavy, rPois rF+ Str+5 Dex-3}
 39895 | Elf:3    | Identified the +10 sling "Tuzxuthru" {heavy, rC- rCorr
                  | Str+3}
 39913 | Elf:3    | Identified the +1 flail "Goakho Nugo" {heavy, rPois Dex+3
                  | Stlth+}
 40211 | Elf:3    | Identified the +1 great sword of Oozing Pus {heavy, rPois
                  | Str+3}
 40311 | Elf:3    | Identified the staff of the Crushed Scars {rF+ rC- Will+++
                  | Str-4 Int+8 Fire}
 40326 | Elf:3    | Identified the +0 scale mail of Fuzzy New Discoveries {+Inv
                  | rF+ Str+2 Stlth+}
 40328 | Elf:3    | Identified the +5 ring mail of Responsibility {Dex+5}
 40342 | Elf:3    | Got the Compilation of Hoarfrost and Enchantment
 40708 | Vaults:1 | Entered Level 1 of the Vaults
 41915 | Vaults:1 | Found a portal to a secret trove of treasure.
 42143 | Vaults:2 | Found a staircase to the Crypt.
 42143 | Vaults:2 | Found a basalt altar of Yredelemnul.
 42144 | Vaults:2 | Found an ancient bone altar of Kikubaaqudgha.
 42244 | Vaults:2 | Noticed Zenata
 42381 | Vaults:2 | Killed Zenata
 43085 | Vaults:2 | Identified the +4 falchion "Busi" {freeze, rF+}
 44051 | Vaults:3 | Noticed Mennas
 44080 | Vaults:3 | Killed Mennas
 44081 | Vaults:3 | Reached XP level 21. HP: 66/207 MP: 36/36
 44643 | Vaults:3 | Reached skill level 10 in Throwing
 45108 | Vaults:3 | Found a runed translucent gate.
 45109 | Vaults:3 | Found a runed translucent gate.
 45109 | Vaults:3 | Found a runed translucent gate.
 45109 | Vaults:3 | Noticed Qeunemit's ghost (adept GrFi)
 45109 | Vaults:3 | Noticed Luiw's ghost (veteran HOBe)
 45110 | Vaults:3 | Noticed Zissick's ghost (adept MiBr)
 45364 | Vaults:3 | You fall into a shaft and drop 1 floor!
 46070 | Vaults:4 | Identified the +1 great sword of the Grave {flame, Str+4
                  | SInv}
 46280 | Vaults:4 | Reached skill level 15 in Shields
 47004 | Vaults:4 | Found Puenn's Armour Shoppe.
 47191 | Vaults:5 | Entered Level 5 of the Vaults
 47817 | Vaults:5 | Reached XP level 22. HP: 201/215 MP: 37/37
 47966 | Vaults:5 | Reached skill level 15 in Armour
 48410 | Vaults:5 | Found Qoskewow's Antique Weapon Shop.
 48727 | Vaults:5 | Identified the +0 plate armour of Qolaest {rC+ Str+3 Dex+3}
 48896 | Vaults:5 | Noticed an ancient lich
 48903 | Vaults:5 | Killed an ancient lich
 49283 | Vaults:5 | Found the +4 moon troll leather armour {Spirit, Regen++
                  | MP+5}
 49319 | Vaults:5 | Got the Codex of Vicissitude and Anthracomancy
 49336 | Vaults:5 | Identified the +7 ring mail "Alefaw" {rCorr Int+3 Stlth+}
 49404 | Vaults:5 | HP: 1/215 [something (10)]
 49404 | Vaults:5 | Mangled by a phantasmal warrior

Illustrated notes

Levels and vault maps discovered:
D:1:      minmay_arrival_checkered_box, layout_basic
D:2:      layout_basic, basic_altar, uniq_jessica
D:3:      layout_loops_corners, nicolae_gozag_cash_rules_everything_around_me,
          general_overflow_altar, portal_sewer_entry_e, uniq_natasha
D:4:      layout_loops_cross, nicolae_overflow_hidden_temple, serial_shops,
          kennysheep_mini_moat, nicolae_stop_n_shop_2, uniq_menkaure
D:5:      layout_basic, nemelex_diamond_rough_becter,
          minmay_temple_entry_slanted, serial_bayou_ford_a, uniq_duvessa
D:6:      layout_cave_pools, mainiacjoe_overflow_cross_hatched,
          kennysheep_little_box, uniq_grinder
D:7:      cheibrodos_statue_roulette, layout_cave_pools, grunt_ogre_cave
D:8:      layout_loops_ring, kennysheep_slug_shrine,
          chequers_serial_rivers_small_3, st_stairs_13
D:9:      layout_stronghold, nicolae_kikubaaqudgha_miasma_corner, uniq_pikel
D:10:     layout_basic, evilmike_ruin_ashenzari, trog_three_pillars_becter,
          uniq_erica, uniq_psyche, uniq_nergalle
D:11:     minmay_ice_pillars, layout_long_grid, david_lair_generic, uniq_erolcha
D:12:     layout_gridville, erik_orc_4, serial_bayou_lake_a
D:13:     layout_roguey [special_room_orc]
D:14:     layout_irregular_city, lightli_vaults_fourway_checkpoint,
          minmay_misc_feat_hallway, uniq_josephine
D:15:     grunt_enter_depths_giant_problem, layout_grid_maze,
          nrook_pool_corridor, wad_dig_loot
Lair:1:   layout_loops_ring
Lair:2:   layout_cave_pods
Lair:3:   layout_layer_cave, minmay_shoals_entry_centaurs,
          nicolae_snake_entry_warm_welcome, nicolae_lair_lindhole,
          grunt_megastairs_4, uniq_amaemon
Lair:4:   layout_gridlike, uniq_rupert
Lair:5:   minmay_lair_end_enchanted_forest, layout_regular_city,
          dpeg_slime_entry_enclosed, minmay_lindwurm_lava,
          infiniplex_staircase_pool_2
Shoals:1: cheibrodos_shoals_baths, layout_shoals, ebering_ghost_inner_flame,
          uniq_nikola, uniq_louise
Shoals:2: layout_shoals, nicolae_shoals_spectral_cove, uniq_mlioglotl
Shoals:3: layout_shoals, yaktaur_hedge
Shoals:4: shoals_end_grunt_ice, layout_shoals, lemuel_altar_in_water,
          hangedman_shoals_cup_caves, uniq_roxanne
Snake:1:  layout_misc_corridors, drop_trap, nicolae_snake_single_loop,
          serial_bayou_crossing, uniq_aizul
Snake:2:  layout_concentric_octagons, lemuel_fruit_tree
Snake:3:  layout_layer_cave, corexii_hall_statues_x
Snake:4:  snake_pit_salamanders_mu, layout_cave_town,
          nrook_guardian_serpent_ordinary, uniq_vashnia
Orc:1:    layout_diamond_mine, basic_altar, ebering_ghost_gozag, uniq_urug
Orc:2:    grunt_orc_tribal_feast, layout_diamond_mine, basic_altar,
          nicolae_orc_damp_corner
Elf:1:    eino_elf_arrival_customs, layout_loops_cross,
          kennysheep_underground_church
Elf:2:    nicolae_elf_blades_crystal_corner, layout_geoelf_octagon,
          st_stairs_10, nicolae_shop_firing_range
Elf:3:    minmay_elf_hall_curves, layout_geoelf_castle, st_stairs_2
Vaults:1: nicolae_vaults_asterisk, nicolae_vaults_security_offices_4,
          hangedman_vaults_slither, nicolae_vaults_specimen_jars,
          ontoclasm_vaults_hangar, nicolae_vaults_trapezoid_lopsided_3,
          vaults_room_stairs_pillars, layout_vaults_omnigrid,
          nicolae_trove_entry_diagonal
Vaults:2: vaults_room_door_hall, hangedman_vaults_cutoff, ontoclasm_vaults_eye,
          nicolae_vaults_diagonal_hallway_9, minmay_crypt_entry_necro_gods,
          v_misc_1, nicolae_vaults_more_shelving_2,
          nicolae_vaults_security_offices_1, vaults_room_grid,
          nicolae_vaults_closet_pinwheel_1, nicolae_vaults_circle_grid_a,
          ontoclasm_vaults_decontamination, vaults_room_pool,
          layout_vaults_omnibox, uniq_zenata
Vaults:3: gammafunk_ghost_cemetery, nicolae_vaults_sightless_eye,
          nicolae_vaults_double_plus_1, nicolae_vaults_closet_pinwheel_3,
          nicolae_vaults_diamond_1, nicolae_vaults_mini_display_case,
          nicolae_vaults_door_testing_chamber, v_misc_19,
          hangedman_vaults_stretched_pinwheel, v_misc_27, layout_vaults_ring,
          uniq_mennas
Vaults:4: v_misc_30, vaults_mumra_hex, v_misc_19,
          nicolae_vaults_border_crossing, nicolae_vaults_circle_grid_a,
          v_misc_1, nicolae_vaults_taking_the_gang_shopping,
          nicolae_vaults_little_squares_6, vaults_room_fancy_cross, v_pattern_5,
          layout_vaults_big_cross
Vaults:5: serial_shops

Skill      XL: |  1  2  3  4  5  6  7  8  9 10 11 12 13 14 15 16 17 18 19 20 21 22 |
---------------+-------------------------------------------------------------------+-----
Fighting       | 4 5 6 7 8 10 12 13 15 16 18 19 20 21 22 | 22.0
Maces & Flails | 3 4 5 7 8 10 12 13 15 16 | 16.0
Shields        | 4 7 9 11 14 15 17 | 17.0
Invocations    | 2 3 4 5 7 9 11 13 15 17 19 20 21 22 23 | 23.0
Evocations     | 5 9 12 13 | 13.8
Armour         | 6 10 12 14 16 | 16.0
Throwing       | 2 7 9 11 13 | 13.0

Action                     |  1- 3 |  4- 6 |  7- 9 | 10-12 | 13-15 | 16-18 | 19-21 | 22-24 || total
---------------------------+-------+-------+-------+-------+-------+-------+-------+-------++-------
  Melee: Flail             |    74 |   159 |   337 |       |       |       |       |       ||   570
         Morningstar       |       |       |    36 |   261 |   661 |   800 |   961 |   188 ||  2907
  Throw: Dart              |       |       |    15 |     5 |       |       |       |       ||    20
         Boomerang         |       |       |       |       |       |     1 |       |       ||     1
 Invoke: Minor Destruction |       |       |    11 |    42 |   147 |    43 |     3 |       ||   246
         Lesser Servant of |       |       |       |     6 |    11 |    19 |     9 |       ||    45
         Major Destruction |       |       |       |     5 |    10 |    33 |    50 |    26 ||   124
         Greater Servant o |       |       |       |       |       |     2 |     3 |     2 ||     7
    Use: Potion            |       |     3 |     1 |     1 |     3 |     8 |     5 |     1 ||    22
         Scroll            |       |       |       |     8 |     6 |    16 |     3 |     2 ||    35
   Stab: Distracted        |       |       |     1 |     4 |     9 |    15 |    20 |     3 ||    52
 Armour: Scale mail        |    51 |     4 |       |       |       |       |       |       ||    55
         Chain mail        |       |    56 |   208 |   105 |   183 |       |       |       ||   552
         Plate armour      |       |       |       |       |   110 |   464 |   422 |    65 ||  1061
  Dodge: Dodged            |    44 |    65 |   141 |    79 |   216 |   300 |   206 |    29 ||  1080
  Block: Buckler           |    10 |    42 |    76 |       |       |       |       |       ||   128
         Kite shield       |       |       |    11 |   110 |   240 |    77 |       |       ||   438
         Tower shield      |       |       |       |       |       |   480 |   678 |   121 ||  1279

Table legend: (Time is in decaauts)
 A = Elapsed time spent in this place.
 B = Non-inter-level travel time spent in this place.
 C = Inter-level travel time spent in this place.
 D = Time resting spent in this place.
 E = Time spent auto-exploring this place.
 F = Levels seen in this place.
 G = Mean time per level.
                   A        B        C        D        E       F      G
               +--------+--------+--------+--------+--------+-----+--------+
         Total |  49778 |  47105 |   2673 |   8125 |  19746 |  40 | 1244.4 |
       Dungeon |  17530 |  16189 |   1341 |   1571 |  10109 |  15 | 1168.7 |
          Lair |   6305 |   5846 |    459 |    443 |   4211 |   5 | 1261.0 |
        Shoals |   3688 |   3646 |     42 |   1899 |    163 |   4 |  922.0 |
     Snake Pit |   4116 |   3862 |    254 |   1054 |    679 |   4 | 1029.0 |
  Orcish Mines |   1990 |   1794 |    196 |      6 |   1124 |   2 |  995.0 |
   Elven Halls |   5214 |   4965 |    249 |   1046 |   1370 |   3 | 1738.0 |
        Vaults |   8547 |   8416 |    131 |   1864 |    849 |   5 | 1709.4 |
         Abyss |    486 |    486 |      0 |    177 |      0 |   1 |  486.0 |
         Sewer |   1899 |   1899 |      0 |     64 |   1239 |   1 | 1899.0 |
               +--------+--------+--------+--------+--------+-----+--------+

Top non-repeatable levels by time:
 Snake:4: 2912 daAuts
Shoals:4: 2387 daAuts
   Elf:3: 2278 daAuts
    D:11: 2158 daAuts
Vaults:4: 2124 daAuts
   Elf:2: 1907 daAuts
    D:14: 1904 daAuts
   Sewer: 1899 daAuts
Vaults:2: 1825 daAuts
  Lair:3: 1743 daAuts
Vaults:1: 1719 daAuts
     D:3: 1496 daAuts
Vaults:5: 1448 daAuts
Vaults:3: 1429 daAuts
    D:12: 1398 daAuts
